 Dungeon Crawl Stone Soup version 0.28-a0-425-gd0eccab798 (webtiles) character file.

Game seed: 14579658019769180776

171766 siradein the Eclecticist (level 17, -2/80 HPs)
             Began as a Deep Elf Conjurer on Sept 9, 2021.
             Was the Champion of Vehumet.
             Hit by a boomerang thrown by a merfolk (10 damage)
             ... on level 4 of the Shoals on Sept 10, 2021.
             The game lasted 03:43:44 (35844 turns).

siradein the Eclecticist (Deep Elf Conjurer)       Turns: 35844, Time: 03:43:45

Health: -2/80      AC: 12    Str: 10    XL:     17   Next: 40%
Magic:  27/39      EV: 19    Int: 37    God:    Vehumet [******]
Gold:   2002       SH:  5    Dex: 20    Spells: 3/49 levels left

rFire   . . .      SeeInvis +   M - staff of air
rCold   + . .      Faith    .   j - +1 buckler {reflect}
rNeg    . . .      Spirit   .   g - +3 troll leather armour of Iddyjonech {Will+ Regen+ SInv}
rPois   +          Reflect  +   (no helmet)
rElec   +          Harm     .   w - +1 cloak
rCorr   .          Rampage  .   z - +0 pair of gloves {Dex+3}
Will    ++...                   Y - +1 pair of boots of Egalitarianism {rPois Regen+ Dex+4}
Stlth   +.........              N - amulet of magic regeneration
HPRegen 2.23/turn               F - ring of Sif Muna's Approval {rC+ Str+6}
MPRegen 0.51/turn               I - +6 ring of intelligence

@: very slightly contaminated, invisible, very slow
A: no striking features
a: Renounce Religion


You were on level 4 of the Shoals.
You worshipped Vehumet.
Vehumet was exalted by your worship.
You visited 5 branches of the dungeon, and saw 28 of its levels.
You also visited: Bailey and Gauntlet.

You collected 2534 gold pieces.
You spent 532 gold pieces at shops.

Inventory:

Armour
 g - the +3 troll leather armour of Iddyjonech (worn) {Will+ Regen+ SInv}
   (You took it off a minotaur in a Gauntlet)

   SInv:      It lets you see invisible.
   Regen:     It increases your rate of health regeneration.
   Will:      It increases your willpower.
 j - a +1 buckler of reflection (worn)
 w - a +1 cloak (worn)
 z - a +0 pair of gloves of dexterity (worn)
 Y - the +1 pair of boots of Egalitarianism (worn) {rPois Regen+ Dex+4}
   (You found it on level 5 of the Lair of Beasts)

   Dex:       It affects your dexterity (+4).
   rPois:     It protects you from poison.
   Regen:     It increases your rate of health regeneration.
Magical Staves
 b - a staff of cold
 v - a staff of earth
 M - a staff of air (weapon)
Jewellery
 a - a ring of see invisible
 h - an amulet of reflection
 l - a ring of protection from cold
 q - a ring of protection from fire
 t - a +4 ring of slaying
 F - the ring of Sif Muna's Approval (left hand) {rC+ Str+6}
   (You found it on level 9 of the Dungeon)

   [ring of strength]

   Str:       It affects your strength (+6).
   rC:        It protects you from cold.
 I - a +6 ring of intelligence (right hand)
 N - an amulet of magic regeneration (around neck)
 O - a ring of ice
 S - a ring of fire
Wands
 p - a wand of flame (104)
 s - a wand of charming (12)
 C - a wand of iceblast (12)
 G - a wand of polymorph (42)
 L - a wand of digging (16)
 Q - a wand of mindburst (37)
 R - a wand of acid (3)
 W - a wand of paralysis (19)
Scrolls
 d - a scroll of fear
 f - 2 scrolls of summoning
 i - a scroll of holy word
 m - 12 scrolls of teleportation
 u - 3 scrolls of identify
 A - 4 scrolls of magic mapping
 B - 3 scrolls of immolation
 D - 5 scrolls of enchant weapon
 H - a scroll of blinking
 V - 3 scrolls of fog
Potions
 c - 3 potions of invisibility
 e - 2 potions of haste
 k - 3 potions of berserk rage
 n - 4 potions of cancellation
 o - 12 potions of curing
 x - 3 potions of brilliance
 E - 3 potions of flight
 K - a potion of mutation
 P - 3 potions of ambrosia
 U - 2 potions of might
 Z - 2 potions of lignification
Miscellaneous
 y - a piece from Xom's chessboard (15/15)
 J - a phial of floods
 T - a tin of tremorstones (2/2)
 X - a lightning rod (4/4)


   Skills:
 + Level 12.4 Dodging
 - Level 2.4 Stealth
 + Level 16.8 Spellcasting
 + Level 14.7 Conjurations
 + Level 13.7 Hexes
 + Level 7.2 Summonings
 + Level 11.7 Translocations
 + Level 10.1 Fire Magic
 + Level 3.2 Ice Magic
 + Level 11.1 Air Magic
 - Level 9.5 Poison Magic
 + Level 6.1 Evocations


You had 3 spell levels left.
You knew the following spells:

 Your Spells              Type           Power      Damage    Failure   Level
a - Freezing Cloud        Conj/Ice/Air   50%        6-21      1%          5
b - Searing Ray           Conj           100%       2d8       0%          2
c - Dazzling Flash        Conj/Hex       100%       N/A       0%          3
d - Summon Lightning Spi  Summ/Air       99%        N/A       1%          4
e - Fulminant Prism       Conj/Hex       47%        3d21      1%          4
f - Iskenderun's Mystic   Conj/Tloc      92%        2d18      1%          4
g - Conjure Ball Lightni  Conj/Air       56%        3x3d20    1%          6
h - Lightning Bolt        Conj/Air       56%        1d78      1%          5
i - Invisibility          Hex            46%        N/A       1%          6
j - Flame Wave            Conj/Fire      89%        3d15      1%          4
l - Inner Flame           Hex/Fire       87%        N/A       1%          3

Your spell library contained the following spells:

 Spells                   Type           Power      Damage    Failure   Level
 Fireball                 Conj/Fire      44%        3d18      1%          5
 Foxfire                  Conj/Fire      100%       2x1d9     0%          1
 Magic Dart               Conj           100%       1d8       0%          1
 Static Discharge         Conj/Air       100%       N/A       0%          2
 Call Imp                 Summ           71%        N/A       1%          2
 Scorch                   Fire           100%       2d10      1%          2
 Conjure Flame            Conj/Fire      89%        6-21      1%          3
 Gell's Gravitas          Tloc           43%        N/A       1%          3
 Lesser Beckoning         Tloc           87%        N/A       1%          3
 Mephitic Cloud           Conj/Pois/Air  100%       N/A       1%          3
 Swiftness                Air            100%       N/A       1%          3
 Teleport Other           Tloc           87%        N/A       1%          3
 Tukima's Dance           Hex            93%        N/A       1%          3
 Passwall                 Tmut/Erth      25%        N/A       3%          2
 Cause Fear               Hex            46%        N/A       1%          4
 Leda's Liquefaction      Hex/Erth       34%        N/A       1%          4
 Olgreb's Toxic Radiance  Pois           80%        N/A       1%          4
 Passage of Golubria      Tloc           N/A        N/A       1%          4
 Irradiate                Conj/Tmut      36%        3d26      1%          5
 Yara's Violent Unravell  Hex/Tmut       34%        3d14      1%          5
 Starburst                Conj/Fire      44%        6d12      1%          6
 Dispersal                Tloc           43%        N/A       3%          6
 Lee's Rapid Deconstruct  Erth           15%        3d11*     17%         5
 Maxwell's Capacitive Co  Air            53%        ∞         38%         8
 Discord                  Hex            46%        N/A       52%         8
 Blade Hands              Tmut           15%        N/A       56%         5
 Disjunction              Tloc           43%        N/A       78%         8
 Storm Form               Tmut/Air       41%        N/A       91%         7
 Statue Form              Tmut/Erth      20%        N/A       98%         6
 Dragon Form              Tmut           15%        N/A       100%        7
 Borgnjor's Revivificati  Necr           15%        N/A       100%        8
 Necromutation            Tmut/Necr      15%        N/A       100%        8
 Death's Door             Necr           15%        N/A       100%        9
 Dragon's Call            Summ           35%        N/A       100%        9


Dungeon Overview and Level Annotations

Branches:
Dungeon (15/15)            Temple (1/1) D:7            Lair (6/6) D:9
 Shoals (4/4) Lair:3       Spider (0/4) Lair:4        Slime (0/5) Lair:6
    Orc (2/2) D:11            Elf (0/3) Orc:2        Vaults (0/5) D:13
 Depths (0/5) D:15         Bailey (visited)         Gauntlet (visited)

Altars:
Ashenzari
Cheibriados
Dithmenos
Elyvilon
Fedhas
Gozag
Hepliaklqana
Kikubaaqudgha
Makhleb
Nemelex Xobeh
Okawaru
Qazlal
Ru
Sif Muna
Trog
Uskayaw
Vehumet
Wu Jian
Xom
Yredelemnul
Zin
The Shining One

Shops:
D:11 =*   Orc:2 [((?*   Shoals:2 :   Shoals:3 (!

Annotations:
Lair:3 exclusion: 4 oklob plants


Message History

The merfolk throws a boomerang.
The boomerang completely misses you.
The merfolk javelineer throws a javelin.
The javelin closely misses the merfolk.
The javelin pierces through you!
* * * LOW HITPOINT WARNING * * *
The javelin pierces through the merfolk siren!
The merfolk impaler closely misses you.
The harpy is engulfed in a cloud of scalding steam.
You block the air elemental's attack.
The merfolk is engulfed in a cloud of scalding steam.
A water elemental comes into view.
As you read the scroll of fear, it crumbles to dust.
You assume a fearsome visage.
The plant is unaffected.
The merfolk javelineer looks frightened!
The merfolk impaler looks frightened!
The air elemental is unaffected.
The harpy looks frightened!
The water elemental is unaffected.
The air elemental is unaffected.
The merfolk looks frightened! x2
The merfolk resists with some effort.
The merfolk siren looks frightened!
The merfolk looks frightened!
You are engulfed in a cloud of scalding steam.
* * * LOW HITPOINT WARNING * * *
The plant is engulfed in a cloud of scalding steam.
A nearby plant withers and dies.
The air elemental is engulfed in a cloud of scalding steam.
The air elemental hits you.
* * * LOW HITPOINT WARNING * * *
The air elemental fires a burst of electricity at you.
The stunning burst misses you.
The merfolk is engulfed in a cloud of scalding steam.
The merfolk siren is engulfed in a cloud of scalding steam.
The merfolk is engulfed in a cloud of scalding steam.
The air elemental is engulfed in a cloud of scalding steam.
The air elemental fires a burst of electricity at you.
The stunning burst misses you.
The merfolk is engulfed in a cloud of scalding steam. x2
The air elemental fires a burst of electricity at you.
The stunning burst hits you but does no damage.
The merfolk throws a boomerang.
The boomerang barely misses the air elemental.
The boomerang hits you!
You die...

..# .. # P.# ≈
≈#≈ ##≈≈#cc
≈≈≈≈ ≈§≈≈≈≈.
P... §§m.. .
...#≈§##§m#Pm.P
...≈≈§§@§c§.c.=
######EE#######
.§m.§ #m§§mm§
E≈m#§§#≈≈
≈#H#≈.##≈#. ≈
≈≈ )≈ ≈≈≈≈ .≈
≈≈≈ ##..


You could see a merfolk impaler (fleeing), a merfolk javelineer, 4 merfolk, a
faun, a water elemental (wandering), a harpy (fleeing) and 2 air elementals.

Vanquished Creatures
  Jorgrun (Orc:1)
  Gastronok (Orc:1)
  Donald (Orc:2)
  The ghost of Maimakterion the Blocker, a journeyman DsCK of Xom (Orc:1)
  A stone giant (Orc:2)
  A minotaur (Gauntlet)
  5 dire elephants
  An ettin (Orc:1)
  The ghost of TheBeaver the Fighter, a journeyman DrMo of Wu Jian (D:10)
  6 merfolk impalers
  A fire dragon (D:15)
  Josephine (Orc:2)
  Fannar (Orc:1)
  Erolcha (Orc:1)
  6 hydras
  The ghost of Bujuo the Severer, a journeyman PaFi of Hepliaklqana (Lair:1)
  A vault guard (D:13)
  A catoblepas (Lair:4)
  7 centaur warriors
  An alligator snapping turtle (Shoals:3)
  4 ogre magi
  3 boulder beetles
  2 merfolk aquamancers
  A death knight (D:14)
  5 death yaks (D:9)
  2 satyrs (Shoals:2)
  A dancing weapon (D:10)
  A tengu warrior (D:14)
  16 two-headed ogres
  Urug (D:12)
  2 orc high priests
  A spectral anaconda (Lair:6)
  3 sea snakes
  A spectral hydra (Lair:1)
  2 deep trolls (Orc:2)
  An obsidian statue (Lair:6)
  14 harpies
  2 orc knights (Orc:2)
  2 necromancers (Lair:6)
  3 deep elf pyromancers
  7 cyclopes
  2 orc sorcerers
  A wolf spider (D:13)
  12 ugly things
  13 fauns
  14 manticores
  A dire elephant zombie (Lair:6)
  A moth of wrath (Gauntlet)
  19 elephants
  3 water nymphs
  6 merfolk sirens
  5 black mambas
  A black mamba (shapeshifter) (D:7)
  A smoke demon (Gauntlet)
  2 gargoyles
  A torpor snail (Lair:6)
  Maggie (D:6)
  15 cane toads
  2 rime drakes
  4 komodo dragons
  An unseen horror (D:13)
  2 efreet
  A freezing wraith (D:14)
  A red devil (Gauntlet)
  25 merfolk
  15 trolls
  3 meliai (D:15)
  A wolf spider simulacrum (D:14)
  5 snapping turtles
  A raiju (Gauntlet)
  A blink frog (Lair:2)
  7 wind drakes
  A queen bee (Lair:3)
  2 polar bears
  12 dream sheep
  2 hornets (D:8)
  12 slime creatures
  7 water elementals
  Sigmund (D:6)
  An air elemental (Shoals:4)
  8 wraiths
  A shadow (D:11)
  5 wyverns
  4 redbacks
  42 yaks
  6 vampire mosquitoes
  5 basilisks
  2 death yak simulacra (Lair:6)
  A spectral komodo dragon (Lair:1)
  7 steam dragons
  3 wargs
  Menkaure (D:4)
  3 acid dragons
  15 water moccasins
  31 orc warriors
  2 spectral torpor snails (Lair:1)
  2 ice beasts
  A black mamba simulacrum (Lair:1)
  6 necrophages
  31 ogres
  23 wolves
  18 centaurs
  An elephant skeleton (Lair:6)
  A phantom (D:4)
  Blork the orc (D:6)
  3 kobold brigands
  3 gnoll sergeants
  13 bullfrogs
  A wyvern zombie (D:7)
  3 cane toad simulacra (Lair:6)
  A wyvern skeleton (D:7)
  4 water moccasin zombies (D:5)
  7 wights
  39 killer bees
  4 howler monkeys
  8 electric eels
  4 centaur zombies
  3 crimson imps (Gauntlet)
  A bullfrog zombie (D:7)
  A human zombie (D:5)
  5 hounds
  12 jellies
  10 orc priests
  2 centaur skeletons
  2 hell rats (Lair:2)
  3 iguanas
  16 orc wizards
  2 killer bee zombies
  A hound skeleton (D:2)
  3 mummies (D:5)
  12 gnolls
  2 howler monkey zombies
  7 adders
  9 river rats (Lair:2)
  2 shadow imps (D:6)
  2 white imps
  An ufetubus (D:6)
  An adder skeleton (D:4)
  A dart slug (D:1)
  87 orcs
  8 ball pythons
  9 endoplasms
  A giant cockroach (D:1)
  14 goblins
  4 hobgoblins
  2 jackals (D:4)
  8 bats
  5 frilled lizards
  11 kobolds
  10 rats
886 creatures vanquished.

Vanquished Creatures (collateral kills)
  A dire elephant (Lair:6)
  Snorg (Orc:2)
  A merfolk impaler (Shoals:2)
  A boulder beetle (D:12)
  A centaur warrior (D:13)
  A catoblepas (D:15)
  A two-headed ogre (D:15)
  2 sea snakes (Shoals:3)
  6 harpies
  2 necromancers (Lair:6)
  4 fauns (Shoals:2)
  A merfolk siren (Shoals:3)
  An elephant (Lair:6)
  A dire elephant zombie (Lair:6)
  A water nymph (Shoals:2)
  A wind drake (Shoals:2)
  2 merfolk (Shoals:2)
  4 dream sheep (Shoals:2)
  A snapping turtle (Shoals:2)
  2 wraiths (Orc:2)
  An elephant zombie (Lair:6)
  A killer bee (D:9)
  An elephant simulacrum (Lair:6)
  A howler monkey (D:12)
  6 ball lightnings
45 creatures vanquished.

Vanquished Creatures (others)
  148 ball lightnings
  93 fulminant prisms
  31 fungi
  117 plants
  32 withered plants (Lair:6)
421 creatures vanquished.

Grand Total: 1352 creatures vanquished

Notes
Turn   | Place    | Note
-------+----------+-------------------------------------------
     0 | D:1      | siradein the Deep Elf Conjurer began the quest for the Orb.
     0 | D:1      | Reached XP level 1. HP: 10/10 MP: 6/6
   298 | D:1      | Reached XP level 2. HP: 15/15 MP: 6/8
   301 | D:1      | Learned a level 2 spell: Searing Ray
  1092 | D:1      | Reached skill level 4 in Spellcasting
  1261 | D:2      | Reached XP level 3. HP: 19/19 MP: 8/10
  1306 | D:2      | Reached skill level 5 in Conjurations
  1344 | D:2      | Learned a level 3 spell: Dazzling Flash
  1578 | D:2      | Found a faded altar of an unknown god.
  2058 | D:3      | Found a bloodstained altar of Trog.
  2086 | D:3      | Reached XP level 4. HP: 24/24 MP: 8/12
  2514 | D:3      | Learned a level 3 spell: Mephitic Cloud
  2616 | D:4      | Reached skill level 5 in Spellcasting
  2803 | D:4      | Reached XP level 5. HP: 25/28 MP: 8/15
  3102 | D:4      | Found an iron altar of Okawaru.
  3129 | D:4      | Noticed Menkaure
  3133 | D:4      | Killed Menkaure
  3134 | D:4      | Reached skill level 6 in Spellcasting
  3134 | D:4      | Reached XP level 6. HP: 32/32 MP: 6/17
  3241 | D:4      | Reached skill level 7 in Spellcasting
  3456 | D:4      | Reached XP level 7. HP: 20/36 MP: 13/20
  3621 | D:4      | Reached skill level 8 in Spellcasting
  3852 | D:4      | Identified the +1 whip of Autumn {distort, Int+3 Dex+3}
  4216 | D:5      | Entered Level 5 of the Dungeon
  4308 | D:5      | Found a broken altar of Ashenzari.
  4663 | D:5      | Reached skill level 9 in Spellcasting
  4711 | D:5      | Reached XP level 8. HP: 30/41 MP: 14/23
  4801 | D:5      | Learned a level 4 spell: Fulminant Prism
  4806 | D:5      | Learned a level 4 spell: Iskenderun's Mystic Blast
  4857 | D:5      | Found a basalt altar of Yredelemnul.
  4998 | D:5      | Reached skill level 10 in Spellcasting
  6214 | D:6      | Noticed Maggie
  6305 | D:6      | Reached skill level 1 in Hexes
  6374 | D:6      | Reached skill level 1 in Translocations
  6374 | D:6      | Reached skill level 1 in Air Magic
  6374 | D:6      | Reached skill level 1 in Poison Magic
  6374 | D:6      | Reached XP level 9. HP: 45/45 MP: 15/25
  6628 | D:6      | Noticed Blork the orc
  6629 | D:6      | Noticed Sigmund
  6633 | D:6      | Killed Blork the orc
  6638 | D:6      | Killed Sigmund
  6639 | D:6      | Reached skill level 11 in Spellcasting
  6639 | D:6      | Reached skill level 10 in Conjurations
  6788 | D:6      | Killed Maggie
  7505 | D:7      | Found a glowing silver altar of Zin.
  7517 | D:7      | Found a hazy altar of Hepliaklqana.
  7714 | D:7      | Found a staircase to the Ecumenical Temple.
  7726 | Temple   | Entered the Ecumenical Temple
  7772 | Temple   | Became a worshipper of Vehumet
  8816 | D:7      | Reached * piety under Vehumet
  8816 | D:7      | Offered knowledge of Sandblast by Vehumet.
  8817 | D:7      | Reached XP level 10. HP: 47/50 MP: 21/27
  8973 | D:7      | Noticed a black mamba
  8981 | D:7      | Killed a black mamba
  9200 | D:7      | Reached skill level 5 in Hexes
  9440 | D:7      | Learned a level 6 spell: Conjure Ball Lightning
  9449 | D:8      | Found a large runed translucent door.
  9449 | D:8      | Found a large runed translucent door.
  9453 | D:8      | Found a large runed translucent door.
  9453 | D:8      | Found a large runed translucent door.
  9463 | D:8      | Noticed a centaur warrior
 10404 | D:8      | Reached skill level 12 in Spellcasting
 10907 | D:8      | Offered knowledge of Scorch by Vehumet.
 10911 | D:8      | Learned a level 2 spell: Scorch
 11130 | D:8      | Reached ** piety under Vehumet
 11438 | D:8      | Reached skill level 5 in Poison Magic
 11521 | D:9      | Noticed a death yak
 11564 | D:8      | Learned a level 3 spell: Tukima's Dance
 11569 | D:8      | Learned a level 4 spell: Passage of Golubria
 11589 | D:9      | Noticed a death yak
 11590 | D:9      | Reached skill level 5 in Translocations
 11590 | D:9      | Noticed a death yak
 11594 | D:9      | Noticed a death yak
 11595 | D:9      | Noticed a death yak
 11599 | D:9      | Killed a death yak
 11600 | D:9      | Reached skill level 5 in Dodging
 11600 | D:9      | Reached XP level 11. HP: 42/54 MP: 13/29
 11762 | D:9      | Found a hide-covered altar of Uskayaw.
 11926 | D:9      | Reached skill level 5 in Air Magic
 12180 | D:9      | Found a staircase to the Lair.
 12211 | D:9      | Killed a death yak
 12211 | D:9      | Killed a death yak
 12214 | D:9      | Killed a death yak
 12235 | D:9      | Killed a death yak
 12407 | D:9      | Identified the ring of Sif Muna's Approval {rC+ Str+6}
 12491 | D:9      | Found a sparkling altar of Nemelex Xobeh.
 12654 | D:10     | Entered Level 10 of the Dungeon
 12779 | D:10     | Offered knowledge of Conjure Flame by Vehumet.
 13513 | D:10     | Found a white marble altar of Elyvilon.
 13673 | D:10     | Found a runed translucent door.
 13674 | D:10     | Found a shimmering altar of Xom.
 13674 | D:10     | Noticed TheBeaver's ghost (journeyman DrMo)
 13853 | D:10     | Noticed a +1 broad axe of chaos
 14036 | D:11     | Noticed an eight-headed hydra
 14041 | D:11     | Noticed a two-headed ogre
 14045 | D:11     | Killed an eight-headed hydra
 14046 | D:11     | Reached skill level 1 in Fire Magic
 14048 | D:11     | Killed a two-headed ogre
 14049 | D:11     | Reached skill level 13 in Spellcasting
 14352 | D:11     | Noticed a green ugly thing
 14365 | D:11     | Reached *** piety under Vehumet
 14365 | D:11     | Killed a green ugly thing
 14767 | D:11     | Found an opulent altar of Gozag.
 14777 | D:11     | Noticed an eight-headed hydra
 14781 | D:11     | Killed an eight-headed hydra
 14782 | D:11     | Reached XP level 12. HP: 59/59 MP: 24/31
 14785 | D:11     | Found Gozag's Platinum Reserve.
 14930 | D:11     | Offered knowledge of Sticky Flame by Vehumet.
 14937 | D:11     | Learned a level 5 spell: Yara's Violent Unravelling
 15105 | D:11     | Found Ugojiud's Jewellery Boutique.
 15119 | D:11     | Bought an amulet of magic regeneration for 480 gold pieces
 15270 | D:11     | Found a staircase to the Orcish Mines.
 15364 | Lair:1   | Entered Level 1 of the Lair of Beasts
 15499 | Lair:1   | Noticed a five-headed hydra
 15503 | Lair:1   | Killed a five-headed hydra
 15880 | Lair:1   | Found a runed translucent gate.
 15880 | Lair:1   | Found a runed translucent gate.
 15880 | Lair:1   | Found a runed translucent gate.
 15884 | Lair:1   | Noticed Bujuo's ghost (journeyman PaFi)
 16144 | D:8      | Killed a centaur warrior
 17908 | Lair:3   | Reached **** piety under Vehumet
 17992 | Lair:3   | Found a staircase to the Shoals.
 18049 | Lair:3   | Reached XP level 13. HP: 63/63 MP: 17/32
 18106 | Lair:3   | Offered knowledge of Inner Flame by Vehumet.
 18899 | Lair:3   | Upgraded the game from 0.28-a0-422-gd71735cc25 to
                  | 0.28-a0-425-gd0eccab798
 18989 | Lair:4   | Reached skill level 14 in Spellcasting
 19205 | Lair:4   | Reached skill level 5 in Fire Magic
 19241 | Lair:4   | Found a hole to the Spider Nest.
 20568 | Lair:5   | Learned a level 3 spell: Inner Flame
 20588 | Lair:5   | Reached skill level 10 in Hexes
 20594 | Lair:5   | Identified the +1 pair of boots of Egalitarianism {rPois
                  | Regen+ Dex+4}
 21003 | Lair:5   | Reached ***** piety under Vehumet
 21254 | Lair:6   | Entered Level 6 of the Lair of Beasts
 21276 | Lair:6   | Offered knowledge of Freezing Cloud by Vehumet.
 21283 | Lair:6   | Found a staircase to the Slime Pits.
 21706 | Lair:6   | Noticed a dire elephant
 21706 | Lair:6   | Noticed a dire elephant
 21706 | Lair:6   | Noticed a dire elephant
 21707 | Lair:6   | Noticed a dire elephant
 21740 | Lair:6   | Reached XP level 14. HP: 68/68 MP: 26/34
 21767 | Lair:6   | Identified a scroll of acquirement
 21767 | Lair:6   | Acquired a staff of air
 21785 | Lair:6   | Learned a level 5 spell: Freezing Cloud
 22195 | Lair:6   | Learned a level 4 spell: Summon Lightning Spire
 23396 | Lair:6   | HP: 2/68 [dire elephant (2)]
 23776 | D:12     | Found a flagged portal.
 23883 | Bailey   | Entered a bailey
 23891 | Bailey   | Reached skill level 10 in Dodging
 24240 | Bailey   | Offered knowledge of Hailstorm by Vehumet.
 24278 | Bailey   | Reached skill level 15 in Spellcasting
 24885 | D:10     | Killed TheBeaver's ghost
 24960 | Lair:1   | Reached skill level 1 in Summonings
 24965 | Lair:1   | Killed Bujuo's ghost
 25028 | Lair:1   | Identified the +2 longbow "Tenuuw" {freeze, rN++ Will+++
                  | Dex-4 Stlth+}
 25967 | D:12     | Noticed Urug
 25979 | D:12     | Killed Urug
 26871 | D:13     | Reached XP level 15. HP: 44/72 MP: 20/36
 26957 | D:13     | Found a gate to the Vaults.
 27255 | D:13     | Learned a level 5 spell: Lightning Bolt
 27416 | D:14     | Offered knowledge of Iskenderun's Battlesphere by Vehumet.
 27478 | D:14     | Reached skill level 10 in Translocations
 28302 | D:15     | Entered Level 15 of the Dungeon
 28389 | D:15     | Reached skill level 1 in Evocations
 28463 | D:15     | Found a gate leading to a gauntlet.
 28511 | Gauntlet | Entered a Gauntlet
 28511 | Gauntlet | Found a transporter.
 28511 | Gauntlet | Found a transporter.
 28559 | Gauntlet | Found a transporter.
 28563 | Gauntlet | Found a transporter.
 28572 | Gauntlet | Found a transporter.
 28575 | Gauntlet | Found a transporter.
 28592 | Gauntlet | Found a transporter.
 28599 | Gauntlet | Found a transporter.
 28613 | Gauntlet | Found a transporter.
 28617 | Gauntlet | Found a transporter.
 28628 | Gauntlet | Found a transporter.
 28629 | Gauntlet | Found a transporter.
 29031 | Gauntlet | Identified the +3 troll leather armour of Iddyjonech {Will+
                  | Regen+ SInv}
 29058 | Gauntlet | Got Oshed's Tome of Toxic Flight
 29503 | D:15     | Identified the +8 dagger of Incongruity {drain, rElec
                  | Int+5}
 29588 | D:15     | Found a staircase to the Depths.
 29657 | D:15     | Found a glowing silver altar of Zin.
 29657 | D:15     | Found a white marble altar of Elyvilon.
 29657 | D:15     | Found a glowing golden altar of the Shining One.
 29861 | Orc:1    | Entered Level 1 of the Orcish Mines
 29874 | Orc:1    | Noticed Jorgrun
 29881 | Orc:1    | Killed Jorgrun
 29882 | Orc:1    | Reached skill level 10 in Air Magic
 29974 | Orc:1    | Offered knowledge of Lee's Rapid Deconstruction by Vehumet.
 30390 | Orc:1    | Noticed Gastronok
 30395 | Orc:1    | Noticed Fannar
 30402 | Orc:1    | Killed Fannar
 30418 | Orc:1    | Killed Gastronok
 30434 | Orc:1    | Reached XP level 16. HP: 56/76 MP: 4/37
 30619 | Orc:1    | Noticed Erolcha
 30626 | Orc:1    | Killed Erolcha
 30627 | Orc:1    | Reached skill level 5 in Summonings
 30660 | Orc:1    | Found a runed translucent gate.
 30679 | Orc:1    | Found a runed translucent gate.
 30679 | Orc:1    | Found a runed translucent gate.
 30679 | Orc:1    | Noticed Maimakterion's ghost (journeyman DsCK)
 30814 | Orc:1    | Killed Maimakterion's ghost
 30815 | Orc:1    | Reached skill level 16 in Spellcasting
 30903 | Orc:2    | Entered Level 2 of the Orcish Mines
 30914 | Orc:2    | Noticed Snorg
 30982 | Orc:2    | Killed Snorg
 31144 | Orc:2    | Found Kosecs's Overcharged Wands.
 31352 | Orc:2    | Noticed Josephine
 31359 | Orc:2    | Killed Josephine
 31470 | Orc:2    | Noticed Donald
 31640 | Orc:2    | Killed Donald
 31850 | Orc:2    | Found a staircase to the Elven Halls.
 31951 | Orc:2    | Found a burning altar of Makhleb.
 32528 | Orc:2    | Found Xakuppodgh's Weapon Boutique.
 32532 | Orc:2    | Found Egeohar's Magic Scroll Boutique.
 32535 | Orc:2    | Found Teaby's Weapon Emporium.
 32550 | Orc:2    | Bought a scroll of identify for 26 gold pieces
 32550 | Orc:2    | Bought a scroll of identify for 26 gold pieces
 32557 | Orc:2    | Found Etuhitah's Antique Armour Shop.
 32803 | Shoals:1 | Entered Level 1 of the Shoals
 32884 | Shoals:1 | Learned a level 6 spell: Invisibility
 32939 | Shoals:1 | Reached ****** piety under Vehumet
 32963 | Shoals:1 | Offered knowledge of Spellforged Servitor by Vehumet.
 33606 | Shoals:2 | Reached skill level 5 in Evocations
 33715 | Shoals:2 | Reached skill level 1 in Ice Magic
 34260 | Shoals:2 | Found Rom Luth's Book Shoppe.
 34327 | Shoals:2 | Reached XP level 17. HP: 80/80 MP: 13/39
 34687 | Shoals:3 | Found Fasiu's Weapon Shoppe.
 34894 | Shoals:3 | Offered knowledge of Fireball by Vehumet.
 34901 | Shoals:3 | Learned a level 4 spell: Flame Wave
 35271 | Shoals:3 | Reached skill level 10 in Fire Magic
 35294 | Shoals:3 | Found Gopnebba's Distillery.
 35810 | Shoals:4 | Entered Level 4 of the Shoals
 35844 | Shoals:4 | Hit by a boomerang thrown by a merfolk

Illustrated notes

Levels and vault maps discovered:
D:1:      wander_arrival_lonely_grave, layout_loops_corners,
          minmay_misc_feat_tiny, minmay_tall_x
D:2:      minmay_evil_eye, layout_basic, hellmonk_ecumenical_altar_run_dry,
          minivault_27, uniq_crazy_yiuf_cottage
D:3:      layout_basic, bloody_trog, grunt_decor_junction
D:4:      layout_loops_corners, okawaru_altar_gauntlet_db,
          hangedman_decor_opposing, amethyst_killhole, uniq_menkaure
D:5:      layout_layer_cave, lemuel_mausoleum_altar_yredelemnul,
          mainiacjoe_overflow_concentric_impassable, minmay_misc_feat_rows
D:6:      layout_rooms, uniq_maggie, uniq_sigmund, uniq_blork_the_orc
D:7:      layout_gridville, kennysheep_mini, mainiacjoe_overflow_cross_hatched,
          minmay_temple_entry_tees, nzn_random_ring
D:8:      layout_loops_corners, minmay_hollow_rounded_squares
D:9:      layout_small_grid, nemelex_spade_bored_becter,
          nicolae_uskayaw_dance_hall, dpeg_lair_monsters
D:10:     layout_basic, amcnicky_altar_gilded, ebering_ghost_xom,
          ebering_dispersal_statue_hall
D:11:     layout_cave_pools, hiddenorc2_lemuel, serial_shops,
          nicolae_shop_waterfront, serial_column_ruins, column_ruins_hut,
          column_ruins_open_tiny, column_ruins_columns_straight,
          column_ruins_grid_1, column_ruins_open_medium, minivault_11,
          nicolae_gozag_zags_fifth_avenue
D:12:     layout_small_grid, enter_bailey_5, uniq_urug
D:13:     layout_basic, david_vaults_5
D:14:     layout_roguey, serial_park_square3 [serial_park_minivault_5x5_8]
D:15:     hangedman_depths_entry_try_elsewhere_first, layout_rooms,
          gauntlet_entry_generic, portal_ice_cave_entry_ugly_swarm,
          good_gods_mini_temple
Temple:   cyrus_circular_temple
Lair:1:   layout_chaotic_city, gammafunk_ghost_necromancy
Lair:2:   layout_small_grid, kennysheep_rathole
Lair:3:   hangedman_what_comes_after_a, layout_hall_layers,
          minmay_shoals_entry_beasts, serial_bayou_shore_a
Lair:4:   layout_layer_cave, spider_nest_entry_webs, nzn_sisyphean_effort,
          grunt_megastairs_4, infiniplex_staircase_pool_2
Lair:5:   layout_big_grid
Lair:6:   due_jungle_book, layout_gridlike, minmay_slime_entry_jelly_boxes
Shoals:1: layout_shoals, nicolae_shoals_lost_giant_pillars,
          nicolae_shoals_square_sea_wall
Shoals:2: layout_shoals, serial_shops, shop
Shoals:3: layout_shoals, serial_shops, nicolae_take_the_stairs, shop,
          nicolae_shoals_isolated_beach
Shoals:4: shoals_end_hellmonk_storm_palace [storm_palace_center_circular,
          storm_palace_corner_narrow, storm_palace_corner_grid,
          storm_palace_corner_narrow, storm_palace_corner_reverse_hut],
          serial_shops
Orc:1:    layout_caves, ebering_ghost_rock_garden, uniq_erolcha, uniq_jorgrun,
          uniq_gastronok, uniq_fannar
Orc:2:    st_orc_open, layout_caves, basic_altar,
          nicolae_shop_overcharged_wands, uniq_josephine, uniq_snorg,
          uniq_donald

Skill      XL: |  1  2  3  4  5  6  7  8  9 10 11 12 13 14 15 16 17 |
---------------+----------------------------------------------------+-----
Spellcasting   | 4 5 6 7 9 10 11 12 13 14 15 16 | 16.8
Conjurations   | 5 6 7 8 9 10 11 12 13 14 | 14.7
Hexes          | 1 4 6 8 9 10 11 12 13 | 13.7
Translocations | 1 3 5 6 7 8 9 10 11 | 11.7
Air Magic      | 1 3 4 6 7 8 9 10 11 | 11.1
Poison Magic   | 1 3 5 6 7 8 9 |  9.5
Dodging        | 5 6 8 9 10 11 12 | 12.4
Fire Magic     | 2 4 6 7 8 9 10 | 10.1
Summonings     | 2 4 6 7 |  7.2
Evocations     | 3 5 6 |  6.1
Ice Magic      | 2 3 |  3.2
Stealth        | |  2.4

Action                   |  1- 3 |  4- 6 |  7- 9 | 10-12 | 13-15 | 16-18 || total
-------------------------+-------+-------+-------+-------+-------+-------++-------
Melee: Whip              |       |       |     3 |       |       |       ||     3
       Staff             |       |       |       |       |     2 |    26 ||    28
 Cast: Magic Dart        |    63 |    36 |    95 |   188 |    53 |       ||   435
       Searing Ray       |     1 |    17 |    65 |   137 |   143 |    21 ||   384
       Mephitic Cloud    |       |       |    10 |    22 |     7 |       ||    39
       Fulminant Prism   |       |       |     7 |    60 |    26 |       ||    93
       Iskenderun's Myst |       |       |       |    51 |   222 |    71 ||   344
       Conjure Ball Ligh |       |       |       |     5 |    49 |    10 ||    64
       Dazzling Flash    |       |       |       |     2 |     3 |     1 ||     6
       Inner Flame       |       |       |       |       |    36 |     6 ||    42
       Summon Lightning  |       |       |       |       |    23 |    22 ||    45
       Freezing Cloud    |       |       |       |       |    68 |   230 ||   298
       Tukima's Dance    |       |       |       |       |     3 |     2 ||     5
       Lightning Bolt    |       |       |       |       |    20 |    20 ||    40
       Flame Wave        |       |       |       |       |       |     9 ||     9
       Invisibility      |       |       |       |       |       |     1 ||     1
Evoke: Wand              |       |       |       |       |     3 |       ||     3
  Use: Scroll            |       |       |     4 |     6 |    21 |     7 ||    38
Armor: Robe              |     1 |     3 |     1 |       |       |       ||     5
       Steam dragon scal |       |       |     3 |     8 |       |       ||    11
       Troll leather arm |       |       |       |    20 |    25 |    45 ||    90
Dodge: Dodged            |       |    10 |    27 |    82 |   109 |   106 ||   334
Block: Buckler           |       |     6 |    28 |    29 |    32 |    32 ||   127
       Reflection        |       |       |       |     5 |     3 |    10 ||    18

Table legend: (Time is in decaauts)
 A = Elapsed time spent in this place.
 B = Non-inter-level travel time spent in this place.
 C = Inter-level travel time spent in this place.
 D = Time resting spent in this place.
 E = Time spent auto-exploring this place.
 F = Levels seen in this place.
 G = Mean time per level.
                   A        B        C        D        E       F      G
               +--------+--------+--------+--------+--------+-----+--------+
         Total |  36151 |  34799 |   1352 |   2660 |  24715 |  30 | 1205.0 |
       Dungeon |  19487 |  18802 |    685 |   1638 |  14210 |  15 | 1299.1 |
        Temple |     59 |     59 |      0 |      0 |     32 |   1 |   59.0 |
          Lair |   9096 |   8510 |    586 |    502 |   5907 |   6 | 1516.0 |
        Shoals |   3233 |   3209 |     24 |    105 |   2274 |   4 |  808.2 |
  Orcish Mines |   2777 |   2721 |     56 |    293 |   1576 |   2 | 1388.5 |
        Bailey |    913 |    913 |      0 |     13 |    507 |   1 |  913.0 |
      Gauntlet |    583 |    583 |      0 |    109 |    208 |   1 |  583.0 |
               +--------+--------+--------+--------+--------+-----+--------+

Top non-repeatable levels by time:
     D:5: 2533 daAuts
  Lair:6: 2493 daAuts
     D:8: 2307 daAuts
  Lair:3: 2033 daAuts
     D:7: 1977 daAuts
    D:10: 1769 daAuts
     D:4: 1684 daAuts
   Orc:2: 1499 daAuts
  Lair:4: 1467 daAuts
   Orc:1: 1278 daAuts
    D:11: 1257 daAuts
     D:1: 1238 daAuts
Shoals:3: 1228 daAuts
  Lair:2: 1113 daAuts
     D:9: 1089 daAuts
